HSSL
BILLINGS WEST HS GOLDEN BEARS @ SANTA FE HS CHIEFS
05/12/2023
 
TOP OF THE 1ST
Billings West HS Golden Bears batting - Pitching for Santa Fe HS Chiefs : RHP Joel Bailey
Pitching: RHP Joel Bailey
Batting: SHB Ray O'Dell 0-0: Bunt for hit - play at first, batter OUT! 1-3
Batting: RHB Spike Kennedy 0-0: Ball
1-0: Ball
2-0: Fly out, F8 (Flyball, 8LM)
Batting: RHB Cole Boehmer 0-0: Ball
1-0: Called Strike
1-1: Ball
2-1: TRIPLE (Line Drive, 89M)
Batting: RHB Dennis Garner 0-0: Ball
1-0: Swinging Strike
1-1: Ball
2-1: Swinging Strike
2-2: Ball
3-2: Base on Balls
Batting: RHB Chris Hall 0-0: Called Strike
0-1: Fly out, F7 (Flyball, 7LS)
Top of the 1st over - 0 run(s), 1 hit(s), 0 error(s), 2 left on base; Billings West HS 0 - Santa Fe HS 0
BOTTOM OF THE 1ST
Santa Fe HS Chiefs batting - Pitching for Billings West HS Golden Bears : RHP Jeff Valdés
Pitching: RHP Jeff Valdés
Batting: RHB Art Cameron 0-0: Ball
1-0: Foul Ball, location: 2F
1-1: Called Strike
1-2: Fly out, F9 (Flyball, 89M)
Batting: SHB Ernest Hood 0-0: Foul Ball, location: 2F
0-1: Ground out 1-3 (Groundball, 25)
Batting: RHB Jeff Bane 0-0: Ball
1-0: Ball
2-0: Swinging Strike
2-1: Ground out 4-3 (Groundball, 4)
Bottom of the 1st over - 0 run(s), 0 hit(s), 0 error(s), 0 left on base; Billings West HS 0 - Santa Fe HS 0
TOP OF THE 2ND
Billings West HS Golden Bears batting - Pitching for Santa Fe HS Chiefs : RHP Joel Bailey
Batting: RHB Kelsey Scott 0-0: Called Strike
0-1: Ball
1-1: Ball
2-1: SINGLE (Line Drive, 6M)
Batting: LHB Andrew Holt 0-0: Fly out, F8 (Popup, 6MD)
Batting: RHB Henry Gregory 0-0: Foul Ball, location: 2F
0-1: Ball
1-1: Ball
2-1: Ball
3-1: Called Strike
3-2: Foul Ball, location: 2F
3-2: Foul Ball, location: 2F
3-2: Foul Ball, location: 2F
3-2: Fly out, F8 (Flyball, 8LM)
Batting: RHB Jason Nava 0-0: Ball
1-0: Called Strike
1-1: Called Strike
1-2: Foul Ball, location: 2F
1-2: Ball
2-2: Strikes out swinging
Top of the 2nd over - 0 run(s), 1 hit(s), 0 error(s), 1 left on base; Billings West HS 0 - Santa Fe HS 0
BOTTOM OF THE 2ND
Santa Fe HS Chiefs batting - Pitching for Billings West HS Golden Bears : RHP Jeff Valdés
Batting: LHB Corey MacGregor 0-0: Swinging Strike
0-1: Ball
1-1: Ball
2-1: Swinging Strike
2-2: Foul Ball, location: 2F
2-2: Strikes out swinging
Batting: SHB Oliver Riley 0-0: Ball
1-0: Foul Ball, location: 2F
1-1: Ball
2-1: Swinging Strike
2-2: Strikes out looking
Batting: SHB Walton Locke 0-0: Ball
1-0: Foul Ball, location: 2F
1-1: Swinging Strike
1-2: Foul Ball, location: 2F
1-2: Strikes out swinging
Bottom of the 2nd over - 0 run(s), 0 hit(s), 0 error(s), 0 left on base; Billings West HS 0 - Santa Fe HS 0
TOP OF THE 3RD
Billings West HS Golden Bears batting - Pitching for Santa Fe HS Chiefs : RHP Joel Bailey
Batting: SHB Ray O'Dell 0-0: Ball
1-0: Called Strike
1-1: Called Strike
1-2: Ball
2-2: Ball
3-2: Foul Ball, location: 2F
3-2: Ground out 1-3 (Groundball, 13S)
Batting: RHB Spike Kennedy 0-0: Ball
1-0: Fly out, F9 (Flyball, 9D)
Batting: RHB Cole Boehmer 0-0: Swinging Strike
0-1: Ball
1-1: Ball
2-1: SINGLE (Groundball, 34D)
Batting: RHB Dennis Garner 0-0: Ball
1-0: Ball
2-0: Ball
3-0: Base on Balls
Cole Boehmer to second
Batting: RHB Chris Hall 0-0: Ball
1-0: Called Strike
1-1: Ball
2-1: Ball
3-1: Base on Balls
Cole Boehmer to third
Dennis Garner to second
Batting: RHB Kelsey Scott 0-0: Ball
1-0: Ball
2-0: Ball
3-0: Called Strike
3-1: Called Strike
3-2: Fly out, F8 (Flyball, 89S)
Top of the 3rd over - 0 run(s), 1 hit(s), 0 error(s), 3 left on base; Billings West HS 0 - Santa Fe HS 0
BOTTOM OF THE 3RD
Santa Fe HS Chiefs batting - Pitching for Billings West HS Golden Bears : RHP Jeff Valdés
Batting: SHB Tony Yan 0-0: Swinging Strike
0-1: Ball
1-1: Ball
2-1: Ball
3-1: Foul Ball, location: 2F
3-2: Strikes out looking
Batting: RHB Enrico Davis 0-0: Foul Ball, location: 2F
0-1: Ball
1-1: Ball
2-1: Ball
3-1: Foul Ball, location: 2F
3-2: Fly out, F8 (Flyball, 8LS)
Batting: RHB Kevin Cochrane 0-0: Ball
1-0: Called Strike
1-1: Called Strike
1-2: Ball
2-2: Strikes out swinging
Bottom of the 3rd over - 0 run(s), 0 hit(s), 0 error(s), 0 left on base; Billings West HS 0 - Santa Fe HS 0
TOP OF THE 4TH
Billings West HS Golden Bears batting - Pitching for Santa Fe HS Chiefs : RHP Joel Bailey
Batting: LHB Andrew Holt 0-0: Foul Ball, location: 2F
0-1: Ball
1-1: SINGLE (Groundball, 4MD)
Batting: RHB Henry Gregory 0-0: Called Strike
0-1: SINGLE (Flyball, 8RS)
Andrew Holt to second
Batting: RHB Jason Nava 0-0: Foul Ball, location: 2F
0-1: Ball
1-1: Foul Ball, location: 2F
1-2: Foul Ball, location: 2F
1-2: Foul Ball, location: 2F
1-2: Foul Ball, location: 2F
1-2: DOUBLE (Groundball, 5L)
Andrew Holt scores
Henry Gregory to third
Batting: SHB Ray O'Dell 0-0: SINGLE (Line Drive, 78S)
Henry Gregory scores
Jason Nava to third
Runner from 3rd tries for Home, SAFE, no throw or cutoff
Batting: RHB Spike Kennedy 0-0: Ball
1-0: Foul Ball, location: 2F
1-1: Ball
2-1: Ball
3-1: Base on Balls
Ray O'Dell to second
Pitching: RHP Buddy Wickett
Batting: RHB Cole Boehmer 0-0: Foul Ball, location: 2F
0-1: Ball
1-1: SINGLE (Groundball, 5L)
Ray O'Dell to third
Spike Kennedy to second
Runner from 3rd tries for Home, SAFE, no throw or cutoff
Batting: RHB Dennis Garner 0-0: Foul Ball, location: 2F
0-1: Ball
1-1: SINGLE (Line Drive, 78S)
Spike Kennedy to third
Cole Boehmer to second
Runner from 3rd tries for Home, SAFE, throw made home
Cole Boehmer to third
Dennis Garner to second
Batting: RHB Chris Hall 0-0: Ball
1-0: Foul Ball, location: 2F
1-1: 3-RUN HOME RUN (Flyball, 78XD), Distance : 429 ft
Batting: RHB Kelsey Scott 0-0: SINGLE (Groundball, 56D)
Batting: LHB Andrew Holt 0-0: Called Strike
0-1: Ball
1-1: Ball
2-1: SINGLE (Line Drive, 89S)
Kelsey Scott to second
Batting: RHB Henry Gregory 0-0: Ball
1-0: Foul Ball, location: 2F
1-1: Swinging Strike
1-2: Ball
2-2: Foul Ball, location: 2F
2-2: Ball
3-2: Foul Ball, location: 2F
3-2: Base on Balls
Kelsey Scott to third
Andrew Holt to second
Batting: RHB Jason Nava 0-0: Called Strike
0-1: SINGLE (Line Drive, 9LS)
Kelsey Scott scores
Andrew Holt to third
Henry Gregory to second
Batting: SHB Ray O'Dell 0-0: Foul Ball, location: 2F
0-1: SINGLE (Line Drive, 9S)
Andrew Holt scores
Henry Gregory to third
Jason Nava to second
Runner from 3rd tries for Home, SAFE, throw made home
Jason Nava to third
Ray O'Dell to second
Pitching: RHP Don Jones
Batting: RHB Spike Kennedy 0-0: Called Strike
0-1: Ball
1-1: Fly out, F9 (Flyball, 9S)
Runner from 3rd tags up, SCORES, throw made
Batting: RHB Cole Boehmer 0-0: Called Strike
0-1: Ball
1-1: Called Strike
1-2: Ball
2-2: SINGLE (Groundball, 56)
Ray O'Dell to third
Runner from 3rd tries for Home, SAFE, no throw or cutoff
Batting: RHB Dennis Garner 0-0: Ball
1-0: Ball
2-0: Called Strike
2-1: Foul Ball, location: 2F
2-2: Strikes out swinging
Batting: RHB Chris Hall 0-0: Ball
1-0: Called Strike
1-1: Ball
2-1: Ball
3-1: Foul Ball, location: 2F
3-2: Strikes out swinging
Top of the 4th over - 13 run(s), 12 hit(s), 0 error(s), 1 left on base; Billings West HS 13 - Santa Fe HS 0
BOTTOM OF THE 4TH
Santa Fe HS Chiefs batting - Pitching for Billings West HS Golden Bears : RHP Jeff Valdés
Batting: RHB Art Cameron 0-0: Ground out 1-3 (Groundball, 25)
Batting: SHB Ernest Hood 0-0: Called Strike
0-1: Foul Ball, location: 2F
0-2: Foul Ball, location: 2F
0-2: Strikes out looking
Batting: RHB Jeff Bane 0-0: Fly out, F9 (Flyball, 9M)
Bottom of the 4th over - 0 run(s), 0 hit(s), 0 error(s), 0 left on base; Billings West HS 13 - Santa Fe HS 0
TOP OF THE 5TH
Billings West HS Golden Bears batting - Pitching for Santa Fe HS Chiefs : RHP Don Jones
Batting: RHB Kelsey Scott 0-0: Ball
1-0: Ball
2-0: Called Strike
2-1: Foul Ball, location: 2F
2-2: Ball
3-2: Base on Balls
Batting: LHB Andrew Holt 0-0: Foul Ball, location: 2F
0-1: Grounds into double play, U6-3 (Groundball, 6)
Batting: RHB Henry Gregory 0-0: Swinging Strike
0-1: Ball
1-1: Called Strike
1-2: Ball
2-2: SINGLE (Line Drive, 34D)
Batting: RHB Jason Nava 0-0: Called Strike
0-1: Swinging Strike
0-2: DOUBLE (Flyball, 9LM)
Henry Gregory to third
Runner from 3rd tries for Home, SAFE, no throw or cutoff
Batting: SHB Ray O'Dell 0-0: Swinging Strike
0-1: Ball
1-1: Ball
2-1: Ball
3-1: Base on Balls
Batting: RHB Spike Kennedy 0-0: Ball
1-0: Called Strike
1-1: Ball
2-1: Called Strike
2-2: Ball
3-2: Fly out, F8 (Line Drive, 8LM)
Top of the 5th over - 1 run(s), 2 hit(s), 0 error(s), 2 left on base; Billings West HS 14 - Santa Fe HS 0
BOTTOM OF THE 5TH
Santa Fe HS Chiefs batting - Pitching for Billings West HS Golden Bears : RHP Jeff Valdés
Batting: LHB Corey MacGregor 0-0: Fly out, F8 (Flyball, 8RM)
Batting: SHB Oliver Riley 0-0: Ball
1-0: Swinging Strike
1-1: Ground out U3 (Groundball, 3)
Batting: SHB Walton Locke 0-0: Ball
1-0: Called Strike
1-1: Foul Ball, location: 2F
1-2: Ball
2-2: Foul Ball, location: 2F
2-2: Fly out, F7 (Flyball, 78M)
Bottom of the 5th over - 0 run(s), 0 hit(s), 0 error(s), 0 left on base; Billings West HS 14 - Santa Fe HS 0
TOP OF THE 6TH
Billings West HS Golden Bears batting - Pitching for Santa Fe HS Chiefs : RHP Don Jones
Batting: RHB Cole Boehmer 0-0: Ball
1-0: Ball
2-0: Called Strike
2-1: Ball
3-1: Foul Ball, location: 2F
3-2: Foul Ball, location: 2F
3-2: Foul Ball, location: 2F
3-2: Base on Balls
Pitching: RHP Bill Hudson
Batting: RHB Dennis Garner 0-0: Ball
1-0: Fly out, F7 (Flyball, 7LM)
Batting: RHB Chris Hall 0-0: Fly out, F8 (Flyball, 8LM)
Batting: RHB Kelsey Scott 0-0: Called Strike
0-1: Ball
1-1: Foul Ball, location: 2F
1-2: Fly out, F8 (Flyball, 8LM)
Top of the 6th over - 0 run(s), 0 hit(s), 0 error(s), 1 left on base; Billings West HS 14 - Santa Fe HS 0
BOTTOM OF THE 6TH
Santa Fe HS Chiefs batting - Pitching for Billings West HS Golden Bears : RHP Jeff Valdés
Batting: SHB Tony Yan 0-0: Fly out, F5 (Popup, 5SF)
Batting: RHB Enrico Davis 0-0: Called Strike
0-1: Ball
1-1: Called Strike
1-2: SINGLE (Groundball, 34D)
Batting: RHB Kevin Cochrane 0-0: Called Strike
0-1: Swinging Strike
0-2: Ball
1-2: Ball
2-2: Grounds into double play, 4-6-3 (Groundball, 34)
Bottom of the 6th over - 0 run(s), 1 hit(s), 0 error(s), 0 left on base; Billings West HS 14 - Santa Fe HS 0
TOP OF THE 7TH
Billings West HS Golden Bears batting - Pitching for Santa Fe HS Chiefs : RHP Bill Hudson
Batting: LHB Andrew Holt 0-0: Ball
1-0: Ball
2-0: Ball
3-0: Called Strike
3-1: Foul Ball, location: 2F
3-2: Ground out 4-3 (Groundball, 4)
Batting: RHB Henry Gregory 0-0: Called Strike
0-1: Ball
1-1: Ball
2-1: Foul Ball, location: 2F
2-2: Foul Ball, location: 2F
2-2: Ball
3-2: SINGLE (Groundball, 25) (infield hit)
Batting: RHB Jason Nava 0-0: Foul Ball, location: 2F
0-1: Called Strike
0-2: Ball
1-2: Foul Ball, location: 2F
1-2: Ball
2-2: Strikes out swinging
Batting: SHB Ray O'Dell 0-0: Ball
1-0: Ball
2-0: Ball
3-0: Called Strike
3-1: Base on Balls
Henry Gregory to second
Batting: RHB Spike Kennedy 0-0: Ball
1-0: Ball
2-0: Ball
3-0: Base on Balls
Henry Gregory to third
Ray O'Dell to second
Batting: RHB Cole Boehmer 0-0: Ball
1-0: Called Strike
1-1: Ball
2-1: Ball
3-1: Base on Balls
Henry Gregory scores
Ray O'Dell to third
Spike Kennedy to second
Batting: RHB Dennis Garner 0-0: Called Strike
0-1: Ball
1-1: DOUBLE (Line Drive, 7LM)
Ray O'Dell scores
Spike Kennedy scores
Cole Boehmer to third
Runner from 3rd tries for Home, SAFE, no throw or cutoff
Pitching: RHP Martin Dixon
Batting: RHB Chris Hall 0-0: Ball
1-0: Called Strike
1-1: Foul Ball, location: 2F
1-2: Ball
2-2: Ball
3-2: Ground out 5-3 (Groundball, 5S)
Top of the 7th over - 4 run(s), 2 hit(s), 0 error(s), 1 left on base; Billings West HS 18 - Santa Fe HS 0
BOTTOM OF THE 7TH
Santa Fe HS Chiefs batting - Pitching for Billings West HS Golden Bears : RHP Jeff Valdés
Batting: RHB Art Cameron 0-0: Ball
1-0: Ball
2-0: Called Strike
2-1: Called Strike
2-2: SINGLE (Groundball, 4D) (infield hit)
Batting: SHB Ernest Hood 0-0: Ball
1-0: Ball
2-0: Ball
3-0: Called Strike
3-1: Fly out, F7 (Flyball, 7M)
Batting: RHB Jeff Bane 0-0: Ball
Art Cameron steals 2nd base
1-0: Ball
2-0: Ball
3-0: Called Strike
3-1: Swinging Strike
3-2: Strikes out swinging
Pitching: RHP Roy Román
Batting: LHB Corey MacGregor 0-0: Ball
1-0: Called Strike
1-1: Ball
2-1: Ball
3-1: Foul Ball, location: 2F
3-2: Ground out 4-3 (Groundball, 4)
Bottom of the 7th over - 0 run(s), 1 hit(s), 0 error(s), 1 left on base; Billings West HS 18 - Santa Fe HS 0
TOP OF THE 8TH
Billings West HS Golden Bears batting - Pitching for Santa Fe HS Chiefs : RHP Martin Dixon
Batting: RHB Kelsey Scott 0-0: Ball
1-0: Called Strike
1-1: Called Strike
1-2: Foul Ball, location: 2F
1-2: Ball
2-2: Foul Ball, location: 2F
2-2: Ball
3-2: Base on Balls
Batting: LHB Andrew Holt 0-0: Sac Bunt - play at first, batter safe!
Kelsey Scott to second
Batting: RHB Henry Gregory 0-0: Bunted foul
0-1: Bunted foul
0-2: Strikes out swinging
Batting: RHB Jason Nava 0-0: Ball
1-0: Foul Ball, location: 2F
1-1: SINGLE (Line Drive, 9S)
Kelsey Scott to third
Andrew Holt to second
Runner from 3rd tries for Home, SAFE, throw made home
Andrew Holt to third
Jason Nava to second
Pinch Hitting: RHB Louis Vance 0-0: Called Strike
0-1: Ball
Wild Pitch!
Andrew Holt scores
Jason Nava to third
1-1: Fly out, F8 (Flyball, 8LM)
Runner from 3rd tags up, SCORES, no throw
Batting: RHB Spike Kennedy 0-0: Called Strike
0-1: Ball
1-1: Ball
2-1: Foul Ball, location: 2F
2-2: Foul Ball, location: 2F
2-2: Ball
3-2: SINGLE (Groundball, 4MD)
Batting: RHB Cole Boehmer 0-0: Ball
1-0: Ball
2-0: Ball
3-0: Base on Balls
Spike Kennedy to second
Batting: RHB Dennis Garner 0-0: Ball
1-0: Called Strike
1-1: Foul Ball, location: 2F
1-2: Ball
2-2: Foul Ball, location: 2F
2-2: Ball
3-2: Foul Ball, location: 2F
3-2: Base on Balls
Spike Kennedy to third
Cole Boehmer to second
Batting: RHB Chris Hall 0-0: Ball
1-0: Swinging Strike
1-1: Fielders Choice at 2nd, U6 (Groundball, 6M)
Top of the 8th over - 3 run(s), 3 hit(s), 0 error(s), 3 left on base; Billings West HS 21 - Santa Fe HS 0
BOTTOM OF THE 8TH
Santa Fe HS Chiefs batting - Pitching for Billings West HS Golden Bears : RHP Roy Román
Now at 1B: Bryce Murray
Batting: SHB Oliver Riley 0-0: Ball
1-0: Called Strike
1-1: Fly out, F9 (Line Drive, 9M)
Batting: SHB Walton Locke 0-0: Ball
1-0: Foul Ball, location: 2F
1-1: Ball
2-1: Ball
3-1: Base on Balls
Batting: SHB Tony Yan 0-0: Called Strike
0-1: Called Strike
0-2: Strikes out swinging
Batting: RHB Enrico Davis 0-0: Foul Ball, location: 2F
0-1: Swinging Strike
0-2: Ball
1-2: Ball
2-2: Ball
3-2: Foul Ball, location: 2F
3-2: Foul Ball, location: 2F
3-2: Base on Balls
Walton Locke to second
Batting: RHB Kevin Cochrane 0-0: Ball
1-0: Fly out, F6 (Popup, 56D)
Bottom of the 8th over - 0 run(s), 0 hit(s), 0 error(s), 2 left on base; Billings West HS 21 - Santa Fe HS 0
TOP OF THE 9TH
Billings West HS Golden Bears batting - Pitching for Santa Fe HS Chiefs : RHP Martin Dixon
Batting: RHB Kelsey Scott 0-0: Ball
1-0: Ball
2-0: Ball
3-0: Base on Balls
Pitching: RHP Lewis Conners
Batting: LHB Andrew Holt 0-0: Bunt missed!
0-1: Sac Bunt - play at second, runner OUT! 1-6
Batting: RHB Henry Gregory 0-0: Swinging Strike
0-1: Ball
1-1: Foul Ball, location: 2F
1-2: Strikes out looking
Batting: RHB Jason Nava 0-0: Ball
1-0: Foul Ball, location: 2F
1-1: Ball
2-1: Ball
Andrew Holt is caught stealing 2nd base
Top of the 9th over - 0 run(s), 0 hit(s), 0 error(s), 0 left on base; Billings West HS 21 - Santa Fe HS 0
BOTTOM OF THE 9TH
Santa Fe HS Chiefs batting - Pitching for Billings West HS Golden Bears : RHP Roy Román
Batting: RHB Art Cameron 0-0: Ball
1-0: Ball
2-0: Ball
3-0: Base on Balls
Batting: SHB Ernest Hood 0-0: SINGLE (Line Drive, 9S)
Art Cameron to second
Runner from 2nd tries for 3rd, SAFE, throw made to third
Ernest Hood to second
Batting: RHB Jeff Bane 0-0: Called Strike
0-1: SINGLE (Groundball, 6MD)
Art Cameron scores
Ernest Hood to third
Batting: LHB Corey MacGregor 0-0: Called Strike
0-1: Ball
1-1: Fly out, F7 (Flyball, 7M)
Runner from 3rd tags up, SCORES, no throw
Batting: SHB Oliver Riley 0-0: Called Strike
0-1: Fielders Choice at 2nd, 6-4 (Groundball, 6)
Batting: SHB Walton Locke 0-0: Swinging Strike
0-1: Ball
1-1: DOUBLE (Flyball, 78XD)
Oliver Riley to third
Runner from 3rd tries for Home, SAFE, no throw or cutoff
Batting: SHB Tony Yan 0-0: Ball
1-0: Called Strike
1-1: Ball
2-1: Foul Ball, location: 2F
2-2: Foul Ball, location: 2F
2-2: Ball
3-2: Base on Balls
Batting: RHB Enrico Davis 0-0: Ball
1-0: Called Strike
1-1: Ball
2-1: SINGLE (Groundball, 56)
Walton Locke to third
Tony Yan to second
Runner from 3rd tries for Home, throw and OUT!
Bottom of the 9th over - 3 run(s), 4 hit(s), 0 error(s), 2 left on base; Billings West HS 21 - Santa Fe HS 3
This league is powered by Out of the Park Baseball, the baseball management simulation game for PC, Mac and Linux
Wednesday, December 2nd, 2015 - OOTP Baseball 16.8 Build 38